[Event "Late-Titled-Tuesday-Blitz-April-30-2024"]
[Site "Chess.com"]
[Date "2024.04.30"]
[Round "1"]
[White "AldokhinIvan"]
[Black "ArchibaldCerveza29"]
[Result "1-0"]
[WhiteElo "2662"]
[BlackElo "2364"]
[TimeControl "180+1"]
[EndTime "14:08:48 PDT"]
[Termination "AldokhinIvan won by checkmate"]

1. e4 e5 2. Nf3 Nc6 3. Bb5 g6 4.
Nc3 Bg7 5. Nd5 a6 6. Ba4 Nge7 7. d4 Nxd5 8. exd5 Nxd4 9. Nxd4 exd4 10. O-O O-O 11. d6 c5 12. Qf3 Rb8 13. Bb3 Qf6 14.
Qg3 b5 15. Bg5 Qf5 16. c4 bxc4 17. Bxc4 Rxb2 18. Be7 Re8 19. Rae1 Bb7 20. Qa3 Qg4 21. Qg3 Qxg3 22. hxg3 Rc2 23. Bb3 Rc3 24. Ba4 Bc8 25.
Bg5 Kf8 26. Rxe8+ Kxe8 27. Re1+ Kf8 28. Be7+ Kg8 29. Bg5 h6 30. Re8+ Kh7 31. Be7 Bb7 32. Bxd7 Rc1+ 33. Kh2 Rc2 34. Bg4 Rxf2 35. Bh3 Bc6 36.
Rc8 Bb5 37. Rxc5 Ba4 38. Rd5 Bc6 39. Rc5 Ba4 40. Rc4 Bb5 41. a4 Be8 42. d7 Bxd7 43. Bxd7 Ra2 44. Bg4 h5 45. Bf3 Kh6 46. Rc7 d3 47. Rd7 Bc3 48. Rxd3 Be5 49. Rd5 f6 50. Rd8 Rxa4 51. Bf8+ Kg5 52. Rd5 h4 53. Bd6 hxg3+ 54.
Kh3 Kf5 55. Bxe5 fxe5 56. Kxg3 g5 57. Rd8 g4 58. Rf8+ Kg6 59. Rg8+ Kf7 60. Rxg4 Ra3 61. Re4 Kf6 62. Rc4 a5 63. Kg4 Rd3 64. Rc6+ Ke7 65. Ra6 Rd4+ 66. Kf5 a4 67. Kxe5 Rb4 68. Bd5 Kd7 69.
Ra7+ Kc8 70. Kd6 Rh4 71. Ra8# 1-0

[Event "Late-Titled-Tuesday-Blitz-April-30-2024"]
[Site "Chess.com"]
[Date "2024.04.30"]
[Round "1"]
[White "GianmarcoVaR"]
[Black "YouShallNotPass001"]
[Result "1-0"]
[WhiteElo "2727"]
[BlackElo "2418"]
[TimeControl "180+1"]
[EndTime "14:08:54 PDT"]
[Termination "GianmarcoVaR won on time"]

1. e4 Nf6 2. e5 Ne4 3. d4 e6 4.
Nd2 d5 5. Bd3 Nxd2 6. Bxd2 c5 7.
c3 Nc6 8. Nf3 Qb6 9. Rb1 cxd4 10. cxd4 Nxd4 11. Nxd4 Qxd4 12. Bb5+ Bd7 13. Bxd7+ Kxd7 14. O-O Qxe5 15. Qa4+ Kd8 16. Ba5+ Ke7 17. Rfe1 Qf5 18.
Qb4+ Kf6 19. Qxb7 Bc5 20. Rf1 Kg6 21. Kh1 Rab8 22. Qd7 Bb6 23. Bxb6 axb6 24. Rbd1 Rhd8 25. Qc7 h6 26. Rfe1 Rdc8 27. Qd6 Rb7 28. Re3 Rc2 29. Rf3 Qe4 30. Re3 Qd4 31. Rxe6+ Kh7 32. Ree1 Qxf2 33. Qxd5 Rd7 34. Qe4+ f5 35. Qxc2 Qxc2 36. Rxd7 Qxb2 37.
h3 Qxa2 38. Ree7 Qa1+ 39. Kh2 Kg6 40. Re6+ Kg5 41. Rxb6 Qe5+ 42. Kh1 Qe1+ 43. Kh2 Qe5+ 44. Kh1 Kh4 45. Rb4+ f4 46. Rb1 g5 47. Rd3 h5 48.
Rbd1 Qe4 49. Rd4 Qe2 50. Kh2 Qf2 51. R4d2 Qg3+ 52. Kg1 f3 53. Rf1 g4 54. hxg4 hxg4 55. Rdf2 Qc7 56. Rd2 Qb6+ 57. Kh1 Kg3 58. gxf3 Qh6+ 59.
Kg1 gxf3 60. Rdf2 Qe3 61. Kh1 Qxf2 62. Rg1+ 1-0

[Event "Late-Titled-Tuesday-Blitz-April-30-2024"]
[Site "Chess.com"]
[Date "2024.04.30"]
[Round "1"]
[White "Supelyel"]
[Black "Rutricks"]
[Result "0-1"]
[WhiteElo "2392"]
[BlackElo "2685"]
[TimeControl "180+1"]
[EndTime "14:08:55 PDT"]
[Termination "Rutricks won by checkmate"]

1. c4 g6 2. g3 Bg7 3. Bg2 d6 4.
Nc3 Nf6 5. Nf3 O-O 6. O-O Nbd7 7. d3 c5 8. Bg5 Re8 9. Bxf6 Bxf6 10. Qc2 Bg7 11. Rab1 Rb8 12. b4 b6 13. bxc5 dxc5 14. a4 Bb7 15. Rb3 Bc6 16. Rfb1 Qc7 17. Nb5 Qb7 18.
a5 a6 19. Nc3 Bxc3 20. Qxc3 b5 21. cxb5 axb5 22. Qb2 Qa8 23. Ne1 Bxg2 24. Nxg2 b4 25.
Ra1 Rb5 26. Qa2 Qa6 27. Ne3 Ne5 28. Nd5 Qd6 29. Nb6 Nc6 30. Nc4 Qe6 31. Qa4 Reb8 32. a6 Na7 33. Rb2 Qf6 34. Qd1 h5 35. Rab1 h4 36.
Qf1 Qe6 37. Ra1 h3 38. f3 Rc8 39. Qf2 Rc6 40. g4 Rxa6 41. Rxa6 Qxa6 42. Qg3 Nc6 43.
Qxh3 Ne5 44. Rc2 b3 45. Rc1 b2 46. Rb1 Nxc4 47. dxc4 Qa2 48. Qf1 Ra5 49. Kf2 Qb3 50. Qe1 Ra4 51. Qd2 Rb4 52. Kg3 Qxc4 53. Rxb2 Rxb2 54.
Qxb2 Qe6 55. Qc3 Qxe2 56. Qxc5 Qe1+ 57. Qf2 Qe5+ 58. Kg2 Qc3 59. Qe2 Kf8 60. Qf2 Qd3 61.
Qb2 Kg8 62. Qb8+ Kg7 63. Qb2+ f6 64. Qf2 g5 65. h3 e5 66. Qb2 Kg6 67. Kf2 Qd1 68.
Kg2 Qd3 69. Qa2 Kg7 70. Qa7+ Kg6 71. Qa2 Kg7 72. Qa7+ Kh6 73. Qa2 Qd7 74. Qe2 Kg7 75.
Qa2 Qe7 76. Qb2 e4 77. Qf2 e3 78. Qe2 Qe5 79. Kf1 Qa1+ 80. Kg2 Qc1 81. Kg3 Qd2 82. Qc4 Qf2# 0-1

[Event "Late-Titled-Tuesday-Blitz-April-30-2024"]
[Site "Chess.com"]
[Date "2024.04.30"]
[Round "1"]
[White "King_Deded4d5"]
[Black "SchmakAttack"]
[Result "0-1"]
[WhiteElo "2454"]
[BlackElo "2818"]
[TimeControl "180+1"]
[EndTime "14:08:56 PDT"]
[Termination "SchmakAttack won by resignation"]

1. d4 d5 2. Nf3 Nf6 3. c3 e6 4. Bf4 c5 5. e3 Qb6 6. Qb3 c4 7.
Qc2 Nc6 8. Nbd2 Bd7 9. e4 Qd8 10.
e5 Ng8 11. h4 f6 12. h5 fxe5 13. Nxe5 Nge7 14. Ndf3 Nxe5 15. Nxe5 Nc6 16. O-O-O Qf6 17. g3 Nxe5 18. Bxe5 Qf7 19. h6 O-O-O 20. hxg7 Bxg7 21. Rxh7 Bh6+ 22. Rxh6 Rxh6 23. Bf4 Rf6 24. Qe2 Rxf4 25. gxf4 Qxf4+ 26. Qe3 Rf8 27. Qxf4 Rxf4 28. Rd2 Kc7 29. Re2 Kd6 30. Kd2 Rh4 31. Re5 b5 32. a3 a5 33.
Ke3 Rh1 34. Ke2 Be8 35. f3 Bg6 36. Kf2 Bd3 37. Bxd3 cxd3 38. Ke3 Rb1 39. Kxd3 Rxb2 40. Re1 Rf2 41. Ke3 Ra2 42. Rb1 Kc6 43. Kd3 Rxa3 44. Re1 Kd6 45. Kc2 b4 46. cxb4 axb4 47. Rb1 Rc3+ 48. Kd2 Kc6 49. Rxb4 Rxf3 50. Rb1 Kd6 51.
Ke2 Rh3 52. Kd2 Ke7 53. Rf1 Rg3 54. Ke2 Kd6 55. Rc1 Rh3 56. Kd2 Ra3 57. Ke2 Ke7 58. Rf1 Rh3 59. Kd2 Rh5 60. Ke3 Rf5 61. Ra1 Kf6 62. Ra8 Rh5 63. Rf8+ Ke7 64. Rf1 Rf5 65. Rh1 Rg5 66. Rh8 Rg3+ 67. Ke2 Kf6 68. Kf2 Rd3 69. Rh4 Kg5 70. Rh1 Rxd4 71. Re1 Kf5 72. Ke3 Re4+ 0-1

[Event "Late-Titled-Tuesday-Blitz-April-30-2024"]
[Site "Chess.com"]
[Date "2024.04.30"]
[Round "1"]
[White "Aryan_Tamadon"]
[Black "aranibos"]
[Result "0-1"]
[WhiteElo "2596"]
[BlackElo "2294"]
[TimeControl "180+1"]
[EndTime "14:08:58 PDT"]
[Termination "aranibos won by checkmate"]

1. Nf3 d5 2. d3 Nc6 3. Bd2 e5 4. Qc1 h6 5. g3 e4 6. Nh4 g5 7. Ng2 Bh3 8. dxe4 dxe4 9. Bc3 f6 10. Ne3 Bxf1 11. Kxf1 Qd7 12. Kg2 O-O-O 13. Na3 Bg7 14.
Rd1 Qe7 15. Nf5 Qf7 16. Qe3 Re8 17. Nb5 Kb8 18. Bb4 Bf8 19. Bxf8 Qxf8 20. Rd7 Nge7 21. Nxe7 Rxe7 22. Rad1 Rhh7 23. Rd8+ Qxd8 24. Rxd8+ Nxd8 25. Qxa7+ Kc8 26. Qa8+ Kd7 27. Na7 Ke8 28.
Nc8 Rd7 29. Qa4 f5 30. Na7 Rf7 31. Nb5 c6 32. Nc3 Rfe7 33. Qc4 Rf7 34. a4 b6 35. e3 Rd2 36. b4 Rxc2 37. b5 c5 38. a5 bxa5 39.
b6 Rxc3 40. Qxc3 Nb7 41. Qc4 Kf8 42. Qd5 Kg7 43. Qe5+ Kg8 44. h4 g4 45. Qb8+ Kg7 46.
Qa7 Kg8 47. Qa6 Kg7 48. Kf1 Kg8 49. Ke2 Kg7 50. Kd2 Rd7+ 51. Kc2 Rf7 52. Qa7 Kg8 53. Qa8+ Kg7 54. Kc3 Kh7 55. Qe8 Kg7 56. Kb3 Rf8 57. Qc6 Rf7 58. Ka4 c4 59. h5 c3 60. Qg6+ Kf8 61.
Qxh6+ Ke7 62. Qc6 Kf8 63. Qc8+ Kg7 64. Qxc3+ Kh7 65. Qc6 Rg7 66. Qe6 Nc5+ 67. Kb5 Nxe6 68. b7 Rxb7+ 69. Ka6 Rb2 70. h6 Re2 71. f4 exf3 72. Kb5 Rxe3 73. Kc6 f2 74. Kd6 Rxg3 75. Ke7 f1=Q 76. Kf7 Kxh6 77. Kf6 f4 78. Kf7 f3 79. Kg8 Qe2 80. Kh8 f2 81. Kg8 f1=Q 82. Kh8 Qf8# 0-1

[Event "Late-Titled-Tuesday-Blitz-April-30-2024"]
[Site "Chess.com"]
[Date "2024.04.30"]
[Round "1"]
[White "allvim"]
[Black "CarlosjPineror"]
[Result "0-1"]
[WhiteElo "2399"]
[BlackElo "2693"]
[TimeControl "180+1"]
[EndTime "14:09:03 PDT"]
[Termination "CarlosjPineror won by resignation"]

1. e4 c5 2. Nf3 e6 3. d4 cxd4 4. Nxd4 a6 5. c4 Qc7 6. Nc3 Nf6 7. Bd3 d6 8. Be3 Be7 9. O-O Nbd7 10. Rc1 b6 11. f3 Bb7 12. Qd2 O-O 13. b3 Rac8 14.
Qf2 Qb8 15. Na4 Bd8 16. Rfd1 Bc7 17. Ne2 Rfe8 18. Nxb6 Bxb6 19. Bxb6 d5 20. exd5 exd5 21. Bd4 Ne5 22. Bxe5 Qxe5 23. cxd5 Nxd5 24. Bc4 Ne3 25. Re1 Nxc4 26. bxc4 Qg5 27. Ng3 h5 28. Ne4 Bxe4 29.
fxe4 Rxe4 30. Rf1 Qc5 31. Rc3 Qxf2+ 32. Rxf2 Rexc4 33. Rxc4 Rxc4 34. h3 g6 35. Rb2 Ra4 36. Kf2 Ra3 37. Ke2 Kg7 38. Kf2 h4 39. Kg1 g5 40. Kh2 f6 41. Rb7+ Kg6 42. Rb2 a5 43. Rf2 Rc3 44. Rb2 a4 45. Rb4 Ra3 46. Rb2 Kf5 47.
Rb5+ Ke4 48. Rb6 Ke5 49. Rb5+ Ke6 50. Rb6+ Kf7 51. Rb7+ Kg6 52. Rb2 g4 53. hxg4 Kg5 54. Rf2 Kg6 55. Rb2 Rd3 56. Rb4 a3 57. Ra4 Kf7 58.
Ra5 Rc3 59. Kg1 Ke6 60. Kh2 Kd6 61. Ra6+ Ke7 62. Ra5 Rd3 63. Ra6 Kf7 64. Ra5 Kg6 65. Kh1 Rd1+ 66. Kh2 Rd3 67. Kh1 Rg3 68. Kh2 Kf7 69.
Ra7+ Ke6 70. Ra6+ Ke7 71. Ra7+ Kd6 72. Ra6+ Ke5 73. Ra5+ Kd4 74. Ra4+ Kc5 75. Ra5+ Kb4 76. Rf5 Rxg4 77. Rxf6 Kc3 78. Rb6 Rb4 79. Rxb4 Kxb4 80. Kh3 Kc3 81. Kxh4 Kb2 82. g4 Kxa2 83. g5 Kb2 84. g6 a2 85. g7 a1=Q 86. g8=Q Qh1+ 0-1

[Event "Late-Titled-Tuesday-Blitz-April-30-2024"]
[Site "Chess.com"]
[Date "2024.04.30"]
[Round "1"]
[White "SaqoChess_Twitch"]
[Black "FREZZY23"]
[Result "1-0"]
[WhiteElo "2680"]
[BlackElo "2385"]
[TimeControl "180+1"]
[EndTime "14:09:03 PDT"]
[Termination "SaqoChess_Twitch won on time"]

1. d4 Nf6 2. c4 g6 3. Nc3 Bg7 4. Nf3 d6 5. h3 O-O 6. Bf4 Nc6 7. e3 a6 8. Be2 Qe8 9. O-O e5 10. dxe5 dxe5 11. Bh2 Bf5 12. Nd5 Rd8 13. Nxf6+ Bxf6 14.
Qb3 e4 15. Nd4 Bxd4 16. exd4 Nxd4 17. Qe3 Nc2 18. Qc3 Nxa1 19. Bxc7 Rd7 20. Bf4 f6 21.
Rxa1 Qc8 22. c5 Qc6 23. Bd6 Rff7 24. Bc4 Kg7 25. Bxf7 Kxf7 26. Rd1 Be6 27. a3 b6 28. b4 bxc5 29. bxc5 Rb7 30. Kh2 Rb3 31. Qa5 Rb7 32.
Bg3 Rd7 33. Rd6 Rxd6 34. cxd6 Bd7 35. Qd8 h5 36. Qe7+ Kg8 37. Qxf6 Be8 38. Be5 Qd7 39. a4 a5 40. Bc3 h4 41. Bxa5 Qxa4 42. Qe6+ Bf7 43.
Qc8+ Be8 44. Qe6+ Kh7 45. Qe7+ Kg8 46. Bc3 Qd7 47. Qe5 Kf8 48. Qh8+ Kf7 49. Qg7+ Ke6 50.
Qf6+ Kd5 51. Qe5+ Kc6 52. Qxe4+ Kxd6 53. Be5+ Kc5 54. Qxh4 Qd5 55. Qg3 Bd7 56. Bf4 Bf5 57. Be3+ Kc6 58. Bf4 Qe4 59. Bb8 Qe7 60. f3 Qb7 61.
Qd6+ Kb5 62. h4 Qb6 63. Qd5+ Qc5 64. Qb3+ Kc6 65. Bg3 Qd5 66. Qa4+ Kb7 67. Qb4+ Kc8 68. Qb8+ Kd7 69. Qc7+ Ke8 70. Qg7 Qf7 71. Qe5+ Qe7 72. Qf4 Kd7 73. h5 Qe6 74. h6 Qg8 75. Qc7+ Ke6 76.
Qd6+ Kf7 77. Qc7+ Ke8 78. h7 Qh8 79. Be5 1-0

[Event "Late-Titled-Tuesday-Blitz-April-30-2024"]
[Site "Chess.com"]
[Date "2024.04.30"]
[Round "1"]
[White "slidingknight2775"]
[Black "KorolDimitriy75"]
[Result "1/2-1/2"]
[WhiteElo "2628"]
[BlackElo "2344"]
[TimeControl "180+1"]
[EndTime "14:09:45 PDT"]
[Termination "Game drawn - insufficient material"]

1. d4 Nf6 2. c4 c5 3. e3 g6 4. Nc3 cxd4 5. exd4 d5 6. Qb3 Bg7 7. cxd5 O-O 8. Be2 Nbd7 9. Bf3 Nb6 10. Nge2 Bg4 11. Bxg4 Nxg4 12. O-O Qd7 13. a4 Rfd8 14.
h3 Nf6 15. d6 Qxd6 16. Bf4 Qd7 17. Be5 Rac8 18. Nb5 Qd5 19. Qxd5 Nfxd5 20. Nxa7 Rc2 21. Nc3 Rxb2 22. Nxd5 Nxd5 23. Rfb1 Rxb1+ 24. Rxb1 Rd7 25. Nc8 f6 26. Bg3 Kf7 27. Rb3 f5 28. Be5 Bxe5 29.
dxe5 Ke6 30. Nb6 Nxb6 31. Rxb6+ Kxe5 32. a5 e6 33. a6 bxa6 34. Rxa6 Kf6 35. g3 g5 36. Kg2 h5 37. Rb6 Re7 38. Ra6 Ke5 39. Kf3 Kf6 40. Rb6 Rc7 41. Ra6 Rc3+ 42. Kg2 Rc4 43. Kf3 h4 44. gxh4 Rxh4 45. Kg3 Rc4 46.
Rb6 Rc3+ 47. Kg2 Rd3 48. Rc6 Rd4 49. Ra6 Ke5 50. Rb6 Re4 51. Kg3 Rd4 52. Ra6 Rd3+ 53. Kg2 Rd6 54. Ra4 Rd5 55. Kg3 Rd3+ 56. Kg2 Rd4 57.
Ra6 Kd5 58. Kg3 g4 59. hxg4 Rxg4+ 60. Kf3 Rd4 61. Ra5+ Kd6 62. Ra8 Ke7 63. Ra7+ Kf6 64. Ra8 Rd5 65. Kg2 Ke7 66. Rh8 Kf7 67. Rh7+ Kf6 68.
Rh1 Ke5 69. Ra1 Rd4 70. Re1+ Re4 71. Rb1 Kf4 72. Rb3 e5 73. Rf3+ Kg5 74. Rb3 Rd4 75.
Rc3 Kf4 76. Rf3+ Kg4 77. Rg3+ Kh5 78. Rh3+ Kg5 79. Rb3 e4 80. Rh3 Kf4 81. Rh4+ Kg5 82. Rh8 Rd3 83. Rh7 Rd2 84. Kf1 Kf4 85. Rh4+ Ke5 86.
Rh5 Rd3 87. Rh4 Rf3 88. Ke2 Rf4 89. Rh8 Rg4 90. Re8+ Kf4 91. Rf8 Rg2 92. Kf1 Rg5 93.
Ke2 Rh5 94. Rf7 Rh2 95. Ke1 Rh3 96. Ke2 Rh2 97. Ke1 e3 98. fxe3+ Kxe3 99. Rxf5 Rh1+ 100. Rf1 Rxf1+ 101.
Kxf1 1/2-1/2

[Event "Late-Titled-Tuesday-Blitz-April-30-2024"]
[Site "Chess.com"]
[Date "2024.04.30"]
[Round "1"]
[White "shrek4life02"]
[Black "Godzillator"]
[Result "1-0"]
[WhiteElo "2708"]
[BlackElo "2411"]
[TimeControl "180+1"]
[EndTime "14:09:55 PDT"]
[Termination "shrek4life02 won on time"]

1. d4 d5 2. c4 c6 3. Nc3 Nf6 4. e3 a6 5. b3 Bf5 6. Bd3 Bg6 7.
Nf3 e6 8. Ne5 Nbd7 9. O-O Nxe5 10. dxe5 Nd7 11. f4 Bxd3 12. Qxd3 g6 13. cxd5 cxd5 14. e4 Nc5 15. Qb1 d4 16. Na4 Nxa4 17. bxa4 Qd7 18. a5 Bc5 19. Qd3 O-O 20. f5 Rfd8 21.
Rb1 Rab8 22. Bg5 Rdc8 23. Bf6 b5 24. Kh1 Bf8 25. Rbd1 Rc4 26. Rf3 Rbc8 27. Qd2 Rc2 28. Qe1 Qc6 29. Rxd4 Rc1 30. Rd1 Rxd1 31. Qxd1 Qxe4 32.
fxe6 fxe6 33. h3 Qc2 34. Qd7 Qc6 35. Qd3 Qc4 36. Qd7 Qc6 37. Rd3 Qxd7 38. Rxd7 Rc1+ 39. Kh2 Rc2 40. Ra7 Rxa2 41. Rxa6 b4 42. Ra8 Kf7 43. Ra7+ Kg8 44. Bd8 b3 45. Rb7 b2 46. Rb8 Kf7 47.
Rb7+ Ke8 48. Rb8 Kd7 49. Bf6 Bc5 50. a6 Rxa6 51. Rxb2 Be3 52. Rb7+ Kc6 53. Rxh7 Bf4+ 54. Kg1 Bg3 55. Kf1 Ra2 56. Bh4 Bxe5 57. Rh6 Kd5 58. Rxg6 Bd4 59. Rg5+ e5 60. Be1 Ra1 61. Ke2 Ke4 62.
Rg4+ Kd5 63. h4 Ra2+ 64. Kf1 Ra1 65. Ke2 Ra2+ 66. Kf1 Ra1 67. Rg3 e4 68. h5 Kc4 69.
h6 Ra6 70. Rh3 Rf6+ 71. Ke2 Rf8 72. g4 Rg8 73. g5 Rxg5 74. h7 Rg2+ 75. Kf1 Rc2 76.
h8=Q Bxh8 77. Rxh8 Kd3 78. Rd8+ Ke3 79. Rh8 Kd3 80. Bf2 e3 81. Rd8+ Kc3 82. Bxe3 Kb3 83. Bd2 Kc4 84. Ke2 Ra2 85. Rc8+ Kd5 86. Kd3 Ra3+ 87. Bc3 Ke6 88. Rc6+ Kf5 89. Rh6 Ra4 90. Bd4 Kg4 91. Ke4 Ra3 92. Rg6+ Kh5 93. Rg1 Ra8 94. Be5 Rf8 95. Rg2 Kh4 96. Rg7 Kh3 97. Bf4 Re8+ 98. Kf3 Rh8 99. Rg1 1-0

[Event "Late-Titled-Tuesday-Blitz-April-30-2024"]
[Site "Chess.com"]
[Date "2024.04.30"]
[Round "1"]
[White "mightysmasher"]
[Black "Davidalhesa2007"]
[Result "1/2-1/2"]
[WhiteElo "2535"]
[BlackElo "1898"]
[TimeControl "180+1"]
[EndTime "14:10:52 PDT"]
[Termination "Game drawn by 50-move rule"]

1. d4 d5 2. Nf3 e6 3. e3 Nf6 4. c4 Be7 5. Nc3 O-O 6. Bd3 Nbd7 7. O-O c6 8. Re1 dxc4 9. Bxc4 b5 10.
Bd3 b4 11. Ne4 Nxe4 12. Bxe4 Bb7 13. Bd2 Nf6 14. Bc2 c5 15. Qe2 Bxf3 16. Qxf3 cxd4 17.
Rad1 Qb6 18. exd4 Qxd4 19. Bc3 Qc4 20. Bb3 Qb5 21. Re5 Qa6 22. Be1 Rad8 23. h3 h6 24. Qe2 Qxe2 25. Rxe2 Rxd1 26. Bxd1 Rd8 27. Bb3 Kf8 28. g3 Nd5 29. Kg2 a5 30. Bd2 Nb6 31. Be3 a4 32. Bxb6 Rb8 33. Bxa4 Rxb6 34. Rc2 g5 35.
Rc8+ Kg7 36. Rc7 Kf6 37. Bb3 Ra6 38. Rc4 Rb6 39. h4 gxh4 40. Rxh4 Kg6 41. Rg4+ Bg5 42. Bc2+ f5 43. Rc4 Bf6 44. b3 Kg5 45. Rc5 Bc3 46.
f4+ Kf6 47. Kf3 Rd6 48. g4 Rd2 49. Bb1 Rb2 50. Bd3 Rxa2 51. gxf5 Rd2 52. Be4 exf5 53. Rxf5+ Ke6 54. Rh5 Rd1 55. Rxh6+ Kf7 56. Rh7+ Kg8 57. Rb7 Rf1+ 58. Kg4 Rg1+ 59. Kf5 Kf8 60. Ke6 Re1 61. Kf5 Rf1 62. Bd5 Ke8 63. Bc4 Re1 64. Rh7 Rd1 65.
Ke6 Re1+ 66. Kd5 Rd1+ 67. Kc6 Rd4 68. f5 Rf4 69. Rh5 Ke7 70. Kb5 Kf6 71. Be6 Ke5 72. Rh2 Kf6 73. Re2 Rf3 74. Bc8 Rf4 75. Re6+ Kg5 76. Rg6+ Kh5 77. Rg1 Rg4 78. Rxg4 Kxg4 79. f6+ Kh5 80. f7 Bg7 81. Be6 Bf8 82. Bc4 Kg5 83.
Kc6 Kf6 84. Kd7 Kg7 85. Ke8 Bc5 86. Bd5 Bf8 87. Be6 Bc5 88. Kd7 Bf8 89. Kc6 Kf6 90. Bc4 Ke5 91. Kc7 Kf6 92. Kc8 Kg7 93. Kd7 Kf6 94. Kd8 Kg7 95. Ke8 Bc5 96. Kd7 Bf8 97.
Ke6 Bc5 98. Kf5 Bf8 99. Kg5 Bc5 100. Kg4 Kf8 101. Kf3 Bd4 102. Ke4 Bc3 103. Kd5 Ke7 104. Ke4 Kf8 105. Kf5 Ke7 106. Kg6 Kf8 107. Kh7 Bd4 108. Be6 Bc3 109. Kh6 Bf6 110. Kh7 Bc3 111. Kg6 Bd4 112. Kf5 Bc3 113. Ke4 Ke7 114. Kd3 Kf8 115. Kc4 Ke7 116. Kd5 Kf8 117. Ke4 Ke7 118. Kf3 Kf8 119. Kg2 Ke7 120. Kh2 Kf8 121. Kh3 Ke7 122. Kh4 Bg7 123. Bc4 Kf8 124. Kg5 Bc3 125. Kg6 Bd4 126. Kh7 Bc3 127. Kg6 Bd4 128. Be6 Bc3 129. Bd7 Bd4 130. Kf5 1/2-1/2

[Event "Late-Titled-Tuesday-Blitz-April-30-2024"]
[Site "Chess.com"]
[Date "2024.04.30"]
[Round "2"]
[White "kleinebeer98"]
[Black "kemelgallo"]
[Result "1-0"]
[WhiteElo "2921"]
[BlackElo "2591"]
[TimeControl "180+1"]
[EndTime "14:12:35 PDT"]
[Termination "kleinebeer98 won by resignation"]

1. e4 c5 2. Nf3 d6 3. d4 cxd4 4. Nxd4 Nf6 5. Nc3 Nc6 6. Nd5 Nxd5 7. exd5 Qa5+ 8. Bd2 Qxd5 9. Nb5 Qe6+ 10. Be2 Qd7 11. O-O a6 12. Nc3 g6 13. Nd5 Rb8 14. Bc3 Rg8 15.
Re1 Bg7 16. Bxg7 Rxg7 17. Nf6+ exf6 18. Bg4+ Kd8 19. Bxd7 Bxd7 20. Qxd6 1-0

[Event "Late-Titled-Tuesday-Blitz-April-30-2024"]
[Site "Chess.com"]
[Date "2024.04.30"]
[Round "2"]
[White "nekotyanof"]
[Black "OppieZippy"]
[Result "1-0"]
[WhiteElo "2703"]
[BlackElo "2400"]
[TimeControl "180+1"]
[EndTime "14:12:41 PDT"]
[Termination "nekotyanof won by resignation"]

1. e4 a6 2. d4 e6 3. Be3 d5 4. e5 Bd7 5. Nd2 Bb5 6. Ne2 Nd7 7. a4 Bxe2 8. Bxe2 c5 9. c4 cxd4 10. Bxd4 dxc4 11. O-O Bc5 12. Bxc5 Nxc5 13. Nxc4 Qxd1 14. Rfxd1 Rb8 15. Rac1 Nb3 16. Rc3 Nc5 17. Nd6+ 1-0

[Event "Late-Titled-Tuesday-Blitz-April-30-2024"]
[Site "Chess.com"]
[Date "2024.04.30"]
[Round "2"]
[White "Thjop"]
[Black "moro182"]
[Result "0-1"]
[WhiteElo "2584"]
[BlackElo "2894"]
[TimeControl "180+1"]
[EndTime "14:12:42 PDT"]
[Termination "moro182 won by resignation"]

1. d4 g6 2. g3 Bg7 3. Bg2 d6 4. e4 Nf6 5. Ne2 O-O 6. Nbc3 e5 7. h3 exd4 8. Nxd4 Nc6 9. Be3 Ne5 10. b3 Re8 11.
O-O Bd7 12. Re1 Qc8 13. Kh2 a6 14. a4 h5 15. Nd5 Nxd5 16. exd5 c5 17. dxc6 Nxc6 18.
Rc1 Nxd4 19. Bxd4 Rxe1 0-1

[Event "Late-Titled-Tuesday-Blitz-April-30-2024"]
[Site "Chess.com"]
[Date "2024.04.30"]
[Round "2"]
[White "GlavkonVVS"]
[Black "tgpgoat"]
[Result "1-0"]
[WhiteElo "2712"]
[BlackElo "2438"]
[TimeControl "180+1"]
[EndTime "14:12:59 PDT"]
[Termination "GlavkonVVS won by resignation"]

1. c4 e5 2. Nc3 Nf6 3. g3 d5 4. cxd5 Nxd5 5. Bg2 Be6 6. Nf3 Nc6 7. O-O Nb6 8. d3 Be7 9. a3 O-O 10. b4 a5 11. b5 Nd4 12. Nd2 Nd5 13. Bxd5 Bxd5 14. e3 Ne6 15. e4 Nd4 16. Nxd5 Bc5 17. Nf3 c6 18. bxc6 bxc6 19. Ne3 Qg5 20. Nxg5 1-0

[Event "Late-Titled-Tuesday-Blitz-April-30-2024"]
[Site "Chess.com"]
[Date "2024.04.30"]
[Round "2"]
[White "GambitGiesbergen"]
[Black "The_Straightforward_Rook"]
[Result "0-1"]
[WhiteElo "2292"]
[BlackElo "2517"]
[TimeControl "180+1"]
[EndTime "14:13:02 PDT"]
[Termination "The_Straightforward_Rook won by resignation"]

1. d4 d5 2. Nc3 e6 3. e4 Bb4 4.
e5 c5 5. a3 Ba5 6. b4 cxd4 7. Nb5 Bc7 8. f4 Nc6 9. Nf3 Nge7 10.
Nbxd4 O-O 11. Be3 Nf5 12. Bd3 Nxe3 13. Bxh7+ Kxh7 14. Ng5+ Qxg5 15. Qd3+ Qg6 16. Qxe3 Nxd4 0-1

[Event "Late-Titled-Tuesday-Blitz-April-30-2024"]
[Site "Chess.com"]
[Date "2024.04.30"]
[Round "2"]
[White "ritanovikova"]
[Black "ChadBiryani"]
[Result "0-1"]
[WhiteElo "2182"]
[BlackElo "2481"]
[TimeControl "180+1"]
[EndTime "14:13:27 PDT"]
[Termination "ChadBiryani won by resignation"]

1. e4 c5 2. Nc3 a6 3. d3 b5 4. g3 Bb7 5. Bg2 g6 6. Be3 d6 7. Qd2 h5 8. h4 Bg7 9. Nge2 Nf6 10.
O-O Nbd7 11. e5 Bxg2 12. exf6 Bxf1 13. fxg7 Rg8 14. Rxf1 Ne5 15. Bh6 Nf3+ 0-1

[Event "Late-Titled-Tuesday-Blitz-April-30-2024"]
[Site "Chess.com"]
[Date "2024.04.30"]
[Round "2"]
[White "KogotBobra17"]
[Black "duone"]
[Result "1-0"]
[WhiteElo "2766"]
[BlackElo "2414"]
[TimeControl "180+1"]
[EndTime "14:13:29 PDT"]
[Termination "KogotBobra17 won by resignation"]

1. e4 c5 2. Nf3 d6 3. d4 cxd4 4.
Qxd4 Nf6 5. Nc3 Nc6 6. Bb5 Bd7 7. Bxc6 bxc6 8. e5 c5 9. Qd3 dxe5 10. Nxe5 e6 11. Bg5 Be7 12. O-O-O Nd5 13. Bxe7 Qxe7 14.
Nxd5 exd5 15. Nxd7 Qxd7 16. Rhe1+ Kd8 17. Qf3 Kc7 18.
Rxd5 Qc6 19. Qxf7+ Kc8 20. Qf5+ Kb7 21. Re7+ Kb8 22. Qe5+ Kc8 23. Rxc5 1-0

[Event "Late-Titled-Tuesday-Blitz-April-30-2024"]
[Site "Chess.com"]
[Date "2024.04.30"]
[Round "2"]
[White "MNyuyu"]
[Black "Ykow"]
[Result "1-0"]
[WhiteElo "2372"]
[BlackElo "2537"]
[TimeControl "180+1"]
[EndTime "14:13:46 PDT"]
[Termination "MNyuyu won by resignation"]

1. d4 d5 2. c4 e5 3. e3 exd4 4. exd4 Nf6 5. Nf3 Bg4 6. Be2 g6 7. O-O Bg7 8. Nc3 O-O 9. Bg5 c6 10.
cxd5 cxd5 11. Qb3 Qb6 12. Qxb6 axb6 13. Bxf6 Bxf6 14. Nxd5 Bd8 15. h3 Bxf3 16. Bxf3 Nc6 17. Rfd1 Re8 18. a3 Ra5 19. Rac1 Rb5 20. b4 Ne7 21. Nf6+ Kf8 22. Nxe8 Kxe8 23. Bxb7 1-0

[Event "Late-Titled-Tuesday-Blitz-April-30-2024"]
[Site "Chess.com"]
[Date "2024.04.30"]
[Round "2"]
[White "manitodeplomo"]
[Black "DrVelja"]
[Result "0-1"]
[WhiteElo "2613"]
[BlackElo "2965"]
[TimeControl "180+1"]
[EndTime "14:14:09 PDT"]
[Termination "DrVelja won by resignation"]

1. d4 Nf6 2. c4 e6 3. Nf3 d5 4. Nc3 c6 5. Bg5 h6 6. Bxf6 Qxf6 7. Qb3 Qe7 8. a3 g6 9. e4 dxe4 10. Nxe4 Bg7 11. O-O-O O-O 12. Bd3 Nd7 13. Rhe1 a5 14. c5 b6 15. Qc2 bxc5 16. dxc5 Rb8 17. b3 Nf6 18. Nd6 Nd5 19. Bc4 Qf6 20. Ne5 Qf4+ 21.
Kb1 Bxe5 22. g3 Qf6 23. f4 Bxd6 24. Bxd5 exd5 25. cxd6 Bf5 0-1

[Event "Late-Titled-Tuesday-Blitz-April-30-2024"]
[Site "Chess.com"]
[Date "2024.04.30"]
[Round "2"]
[White "miraitrunks"]
[Black "Attacker_2006"]
[Result "0-1"]
[WhiteElo "2236"]
[BlackElo "2502"]
[TimeControl "180+1"]
[EndTime "14:14:13 PDT"]
[Termination "Attacker_2006 won by resignation"]

1. e4 e5 2. Nf3 Nc6 3. Bc4 Nf6 4. d3 h6 5. O-O Bc5 6. c3 d6 7. h3 O-O 8. a4 a5 9. d4 exd4 10.
cxd4 Bb4 11. Bd3 Re8 12. Qe2 Nxe4 13. Bxe4 d5 14. Qb5 dxe4 15. Nfd2 Nxd4 16. Qc4 Be6 0-1

[Event "Late-Titled-Tuesday-Blitz-April-30-2024"]
[Site "Chess.com"]
[Date "2024.04.30"]
[Round "2"]
[White "Atanejhad"]
[Black "only_strong_moves"]
[Result "0-1"]
[WhiteElo "2462"]
[BlackElo "2726"]
[TimeControl "180+1"]
[EndTime "14:14:19 PDT"]
[Termination "only_strong_moves won by resignation"]

1. d4 Nf6 2. c4 e6 3. g3 d5 4. Bg2 Be7 5. Nf3 O-O 6. O-O dxc4 7. Ne5 Nc6 8. Nxc6 bxc6 9. Na3 Ba6 10. Bxc6 Rb8 11.
Bg2 c5 12. Qa4 Qc8 13. Nxc4 Rb4 0-1

[Event "Late-Titled-Tuesday-Blitz-April-30-2024"]
[Site "Chess.com"]
[Date "2024.04.30"]
[Round "2"]
[White "KVAIDAN"]
[Black "m_ezat"]
[Result "1-0"]
[WhiteElo "2355"]
[BlackElo "2520"]
[TimeControl "180+1"]
[EndTime "14:14:47 PDT"]
[Termination "KVAIDAN won by resignation"]

1. f4 e5 2. d3 d6 3. Nf3 Nc6 4. e4 Bg4 5. Be2 Nf6 6. Nc3 Bxf3 7. Bxf3 Nd4 8. O-O c6 9. Ne2 Nxf3+ 10. Rxf3 h5 11. c3 Ng4 12. h3 Qb6+ 13. d4 Nf6 14. Qd3 d5 15. exd5 e4 16. Re3 O-O-O 17. Qc2 cxd5 18. c4 Kb8 19. c5 Qc7 20. b4 Rg8 21. a4 g5 22. f5 g4 23. h4 g3 24. b5 Ng4 25. Rxg3 Bg7 26. Rxg4 hxg4 27. Bf4 Be5 28. Bxe5 1-0